NCAA
WASHINGTON STATE COUGARS @ PITTSBURGH PANTHERS
04/04/2026
 
TOP OF THE 1ST
Washington State Cougars batting - Pitching for Pittsburgh Panthers : LHP Russ Maule
Pitching: LHP Russ Maule
Batting: RHB Mauro Paredes 0-0: Ball
1-0: Foul Ball, location: 2F
1-1: Ball
2-1: Fly out, F5 (Popup, 5S)
Batting: RHB John Hall 0-0: Ball
1-0: Called Strike
1-1: Foul Ball, location: 2F
1-2: Fly out, F7 (Flyball, 78XD)
Batting: RHB Thomas Bowman 0-0: Ball
1-0: Ball
2-0: Called Strike
2-1: Ground out 3-1 (Groundball, 34)
Top of the 1st over - 0 run(s), 0 hit(s), 0 error(s), 0 left on base; Washington State 0 - Pittsburgh 0
BOTTOM OF THE 1ST
Pittsburgh Panthers batting - Pitching for Washington State Cougars : LHP Andy O'Toole
Pitching: LHP Andy O'Toole
Batting: RHB Jaime Delgado 0-0: Ground out 1-3 (Groundball, 15)
Batting: RHB Todd Noone 0-0: SINGLE (Line Drive, 4MD)
Batting: RHB Ismael Ortíz 0-0: Ball
1-0: Ball
2-0: Grounds into double play, 1-4-3 (Groundball, 25)
Bottom of the 1st over - 0 run(s), 1 hit(s), 0 error(s), 0 left on base; Washington State 0 - Pittsburgh 0
TOP OF THE 2ND
Washington State Cougars batting - Pitching for Pittsburgh Panthers : LHP Russ Maule
Batting: RHB Jesús Domínguez 0-0: Called Strike
0-1: SINGLE (Groundball, 34D)
Batting: RHB Bill McKinney 0-0: Ball
1-0: Ball
2-0: Foul Ball, location: 2F
2-1: Fly out, F9 (Flyball, 9M)
Batting: RHB Ismael Rodríguez 0-0: Called Strike
0-1: Called Strike
0-2: Reached on error, E5 (Groundball, 5)
Jesús Domínguez to second
Batting: RHB Adam Gentry 0-0: Ball
1-0: Grounds into double play, 4-6-3 (Groundball, 4)
Top of the 2nd over - 0 run(s), 1 hit(s), 1 error(s), 1 left on base; Washington State 0 - Pittsburgh 0
BOTTOM OF THE 2ND
Pittsburgh Panthers batting - Pitching for Washington State Cougars : LHP Andy O'Toole
Batting: RHB Pete Woods 0-0: Ball
1-0: Foul Ball, location: 2F
1-1: SINGLE (Flyball, 8LS)
Batting: LHB Michael Melton 0-0: Ball
1-0: Called Strike
1-1: Grounds into double play, 5-4-3 (Groundball, 56)
Pitching: RHP Sidney MacWhannell
Batting: RHB Henry Edwards 0-0: Ball
1-0: SOLO HOME RUN (Flyball, 7LD), Distance : 315 ft
Batting: LHB Alonso Carbajal 0-0: Called Strike
0-1: Called Strike
0-2: Ball
1-2: SINGLE (Groundball, 56D) (infield hit)
Batting: RHB Martín Camacho 0-0: Called Strike
0-1: Ball
1-1: Ball
2-1: Ball
3-1: Swinging Strike
3-2: Strikes out looking
Bottom of the 2nd over - 1 run(s), 3 hit(s), 0 error(s), 1 left on base; Washington State 0 - Pittsburgh 1
TOP OF THE 3RD
Washington State Cougars batting - Pitching for Pittsburgh Panthers : LHP Russ Maule
Batting: RHB Eddy Henderson 0-0: DOUBLE (Flyball, 8LS)
Batting: LHB Andrew Lockhart 0-0: Ball
1-0: Called Strike
1-1: Ball
2-1: 2-RUN HOME RUN (Flyball, 89XD), Distance : 366 ft
Batting: RHB Mauro Paredes 0-0: Ground out U3 (Groundball, 3L)
Batting: RHB John Hall 0-0: Ball
1-0: Ball
2-0: Foul Ball, location: 2F
2-1: Foul Ball, location: 2F
2-2: Ball
3-2: Ground out 6-3 (Groundball, 6)
Batting: RHB Thomas Bowman 0-0: Swinging Strike
0-1: Ball
1-1: Ball
2-1: Swinging Strike
2-2: Strikes out looking
Top of the 3rd over - 2 run(s), 2 hit(s), 0 error(s), 0 left on base; Washington State 2 - Pittsburgh 1
BOTTOM OF THE 3RD
Pittsburgh Panthers batting - Pitching for Washington State Cougars : RHP Sidney MacWhannell
Batting: LHB Mike Hanson 0-0: Called Strike
0-1: Called Strike
0-2: Fly out, F7 (Flyball, 7LM)
Batting: RHB Jaime Delgado 0-0: Called Strike
0-1: Ball
1-1: Ball
2-1: SINGLE (Groundball, 56D)
Batting: RHB Todd Noone 0-0: Ball
1-0: Swinging Strike
1-1: Ball
2-1: Swinging Strike
2-2: Strikes out swinging
Batting: RHB Ismael Ortíz 0-0: Ball
1-0: Ball
2-0: Foul Ball, location: 2F
2-1: Ball
3-1: Fly out, F7 (Line Drive, 7D)
Bottom of the 3rd over - 0 run(s), 1 hit(s), 0 error(s), 1 left on base; Washington State 2 - Pittsburgh 1
TOP OF THE 4TH
Washington State Cougars batting - Pitching for Pittsburgh Panthers : LHP Russ Maule
Batting: RHB Jesús Domínguez 0-0: Ball
1-0: Swinging Strike
1-1: Ball
2-1: Called Strike
2-2: Strikes out swinging
Batting: RHB Bill McKinney 0-0: Ball
1-0: Swinging Strike
1-1: Foul Ball, location: 2F
1-2: SINGLE (Line Drive, 89M)
Batting: RHB Ismael Rodríguez 0-0: Ball
1-0: Fielders Choice at 2nd, 5-4 (Groundball, 5)
Batting: RHB Adam Gentry 0-0: Ball
1-0: Fly out, F9 (Line Drive, 9M)
Top of the 4th over - 0 run(s), 1 hit(s), 0 error(s), 1 left on base; Washington State 2 - Pittsburgh 1
BOTTOM OF THE 4TH
Pittsburgh Panthers batting - Pitching for Washington State Cougars : RHP Sidney MacWhannell
Batting: RHB Pete Woods 0-0: Called Strike
0-1: Swinging Strike
0-2: Ball
1-2: Strikes out looking
Batting: LHB Michael Melton 0-0: Ball
1-0: Ball
2-0: Swinging Strike
2-1: Swinging Strike
2-2: Ball
3-2: Foul Ball, location: 2F
3-2: Base on Balls
Batting: RHB Henry Edwards 0-0: Ball
1-0: Ball
2-0: Called Strike
2-1: Ball
3-1: Base on Balls
Michael Melton to second
Batting: LHB Alonso Carbajal 0-0: Ball
1-0: Ball
2-0: Fly out, F7 (Flyball, 7M)
Pitching: LHP Milton Irvin
Batting: RHB Martín Camacho 0-0: Called Strike
0-1: Foul Ball, location: 2F
0-2: Ball
1-2: Strikes out swinging
Bottom of the 4th over - 0 run(s), 0 hit(s), 0 error(s), 2 left on base; Washington State 2 - Pittsburgh 1
TOP OF THE 5TH
Washington State Cougars batting - Pitching for Pittsburgh Panthers : LHP Russ Maule
Batting: RHB Eddy Henderson 0-0: Ball
1-0: Called Strike
1-1: SINGLE (Line Drive, 9S)
Batting: LHB Andrew Lockhart 0-0: Ball
1-0: Ground out 6-3 (Groundball, 6MS)
Eddy Henderson to second
Batting: RHB Mauro Paredes 0-0: 2-RUN HOME RUN (Flyball, 78XD), Distance : 367 ft
Batting: RHB John Hall 0-0: SINGLE (Flyball, 78M)
Batting: RHB Thomas Bowman 0-0: Called Strike
0-1: Ball
1-1: Foul Ball, location: 2F
1-2: SINGLE (Line Drive, 7S)
John Hall to second
Batting: RHB Jesús Domínguez 0-0: Ball
1-0: Swinging Strike
1-1: Ball
2-1: Fly out, F4 (Popup, 4M)
Batting: RHB Bill McKinney 0-0: Ball
1-0: Called Strike
1-1: SINGLE (Groundball, 56D)
John Hall to third
Thomas Bowman to second
Runner from 3rd tries for Home, SAFE, no throw or cutoff
Batting: RHB Ismael Rodríguez 0-0: Foul Ball, location: 2F
0-1: Ball
1-1: Ball
2-1: Ball
3-1: Foul Ball, location: 2F
3-2: Ground out 4-3 (Groundball, 4)
Top of the 5th over - 3 run(s), 5 hit(s), 0 error(s), 2 left on base; Washington State 5 - Pittsburgh 1
BOTTOM OF THE 5TH
Pittsburgh Panthers batting - Pitching for Washington State Cougars : LHP Milton Irvin
Batting: LHB Mike Hanson 0-0: Swinging Strike
0-1: Foul Ball, location: 2F
0-2: Ball
1-2: Ball
2-2: Foul Ball, location: 2F
2-2: Ball
3-2: Strikes out swinging
Batting: RHB Jaime Delgado 0-0: Foul Ball, location: 2F
0-1: Ground out U3 (Groundball, 3S)
Batting: RHB Todd Noone 0-0: Called Strike
0-1: Ball
1-1: Called Strike
1-2: Foul Ball, location: 2F
1-2: Foul Ball, location: 2F
1-2: Ball
2-2: Ball
3-2: Ground out 4-3 (Groundball, 4)
Bottom of the 5th over - 0 run(s), 0 hit(s), 0 error(s), 0 left on base; Washington State 5 - Pittsburgh 1
TOP OF THE 6TH
Washington State Cougars batting - Pitching for Pittsburgh Panthers : LHP Russ Maule
Batting: RHB Adam Gentry 0-0: Foul Ball, location: 2F
0-1: Ball
1-1: Foul Ball, location: 2F
1-2: Foul Ball, location: 2F
1-2: Fly out, F8 (Flyball, 8RM)
Pitching: RHP Paul Bryant
Batting: RHB Eddy Henderson 0-0: Foul Ball, location: 2F
0-1: SINGLE (Groundball, 34D)
Batting: LHB Andrew Lockhart 0-0: Ground out 4-3 (Groundball, 4M)
Eddy Henderson to second
Batting: RHB Mauro Paredes 0-0: Swinging Strike
0-1: Ball
1-1: Swinging Strike
1-2: Foul Ball, location: 2F
1-2: Ball
2-2: Strikes out swinging
Top of the 6th over - 0 run(s), 1 hit(s), 0 error(s), 1 left on base; Washington State 5 - Pittsburgh 1
BOTTOM OF THE 6TH
Pittsburgh Panthers batting - Pitching for Washington State Cougars : LHP Milton Irvin
Batting: RHB Ismael Ortíz 0-0: Ball
1-0: Ball
2-0: DOUBLE (Line Drive, 9LS)
Batting: RHB Pete Woods 0-0: Ground out 6-3 (Groundball, 6)
Batting: LHB Michael Melton 0-0: Called Strike
0-1: Swinging Strike
0-2: Ball
1-2: Strikes out looking
Batting: RHB Henry Edwards 0-0: Ball
1-0: Ball
2-0: Ground out 6-3 (Groundball, 6)
Bottom of the 6th over - 0 run(s), 1 hit(s), 0 error(s), 1 left on base; Washington State 5 - Pittsburgh 1
TOP OF THE 7TH
Washington State Cougars batting - Pitching for Pittsburgh Panthers : RHP Paul Bryant
Batting: RHB John Hall 0-0: Foul Ball, location: 2F
0-1: Ball
1-1: Called Strike
1-2: Strikes out swinging
Batting: RHB Thomas Bowman 0-0: Ball
1-0: Swinging Strike
1-1: Ball
2-1: Foul Ball, location: 2F
2-2: Strikes out swinging
Batting: RHB Jesús Domínguez 0-0: Ball
1-0: Ball
2-0: Ball
3-0: Base on Balls
Batting: RHB Bill McKinney 0-0: Called Strike
0-1: Swinging Strike
0-2: Foul Ball, location: 2F
0-2: Strikes out looking
Top of the 7th over - 0 run(s), 0 hit(s), 0 error(s), 1 left on base; Washington State 5 - Pittsburgh 1
BOTTOM OF THE 7TH
Pittsburgh Panthers batting - Pitching for Washington State Cougars : LHP Milton Irvin
Batting: LHB Alonso Carbajal 0-0: Ball
1-0: SINGLE (Line Drive, 78S)
Pitching: LHP Bob Franklin
Batting: RHB Martín Camacho 0-0: Foul Ball, location: 2F
0-1: Grounds into double play, 5-4-3 (Groundball, 56)
Batting: LHB Mike Hanson 0-0: Ball
1-0: Ball
2-0: Ball
3-0: Base on Balls
Batting: RHB Jaime Delgado 0-0: SINGLE (Line Drive, 8LS)
Mike Hanson to second
Batting: RHB Todd Noone 0-0: Ball
1-0: Ball
Wild Pitch!
Mike Hanson to third
Jaime Delgado to second
2-0: Swinging Strike
2-1: Ball
3-1: Foul Ball, location: 2F
3-2: Strikes out looking
Bottom of the 7th over - 0 run(s), 2 hit(s), 0 error(s), 2 left on base; Washington State 5 - Pittsburgh 1
TOP OF THE 8TH
Washington State Cougars batting - Pitching for Pittsburgh Panthers : RHP Paul Bryant
Batting: RHB Ismael Rodríguez 0-0: Bunted foul
0-1: Foul Ball, location: 2F
0-2: Ball
1-2: Ball
2-2: Foul Ball, location: 2F
2-2: Foul Ball, location: 2F
2-2: Ball
3-2: Foul Ball, location: 2F
3-2: Base on Balls
Batting: RHB Adam Gentry 0-0: Swinging Strike
0-1: Bunted foul
0-2: Ball
1-2: Fly out, F4 (Popup, 3D)
Pitching: RHP Jesús Muros
Batting: RHB Eddy Henderson 0-0: Ball
Ismael Rodríguez is caught stealing 2nd base
1-0: Foul Ball, location: 2F
1-1: Ground out 6-3 (Groundball, 6)
Top of the 8th over - 0 run(s), 0 hit(s), 0 error(s), 0 left on base; Washington State 5 - Pittsburgh 1
BOTTOM OF THE 8TH
Pittsburgh Panthers batting - Pitching for Washington State Cougars : LHP Bob Franklin
Batting: RHB Ismael Ortíz 0-0: Foul Ball, location: 2F
0-1: SINGLE (Line Drive, 89M)
Batting: RHB Pete Woods 0-0: Ball
1-0: Ball
2-0: Foul Ball, location: 2F
2-1: Reached on error, E1 (Groundball, 13S)
Ismael Ortíz to second
Batting: LHB Michael Melton 0-0: Ball
1-0: Ball
2-0: Called Strike
2-1: Called Strike
2-2: SINGLE (Line Drive, 78M)
Ismael Ortíz to third
Pete Woods to second
Runner from 3rd tries for Home, SAFE, throw made home
Batting: RHB Henry Edwards 0-0: Fly out, F8 (Flyball, 8LS)
Batting: LHB Alonso Carbajal 0-0: Called Strike
0-1: Ball
1-1: Ball
2-1: Called Strike
2-2: Strikes out swinging
Batting: RHB Martín Camacho 0-0: SINGLE (Groundball, 3L)
Pete Woods to third
Michael Melton to second
Runner from 3rd tries for Home, SAFE, no throw or cutoff
Batting: LHB Mike Hanson 0-0: Ball
1-0: Ball
2-0: Ball
3-0: Called Strike
3-1: Ground out 1-3 (Groundball, 23)
Bottom of the 8th over - 2 run(s), 3 hit(s), 1 error(s), 2 left on base; Washington State 5 - Pittsburgh 3
TOP OF THE 9TH
Washington State Cougars batting - Pitching for Pittsburgh Panthers : RHP Jesús Muros
Batting: LHB Andrew Lockhart 0-0: Ball
1-0: Ball
2-0: Foul Ball, location: 2F
2-1: Ball
3-1: DOUBLE (Flyball, 9LM)
Batting: RHB Mauro Paredes 0-0: Intentional Walk
Pitching: RHP Scott Barteaux
Batting: RHB John Hall 0-0: 3-RUN HOME RUN (Flyball, 8LXD), Distance : 404 ft
Batting: RHB Thomas Bowman 0-0: Called Strike
0-1: Fly out, F8 (Line Drive, 8LM)
Batting: RHB Jesús Domínguez 0-0: Called Strike
0-1: Ground out 6-3 (Groundball, 6M)
Batting: RHB Bill McKinney 0-0: Swinging Strike
0-1: Foul Ball, location: 2F
0-2: Ball
1-2: Ball
2-2: Foul Ball, location: 2F
2-2: Strikes out looking
Top of the 9th over - 3 run(s), 2 hit(s), 0 error(s), 0 left on base; Washington State 8 - Pittsburgh 3
BOTTOM OF THE 9TH
Pittsburgh Panthers batting - Pitching for Washington State Cougars : LHP Bob Franklin
Now at 3B: Brian Austin
Batting: RHB Jaime Delgado 0-0: Ball
1-0: Bunted foul
1-1: Called Strike
1-2: Foul Ball, location: 2F
1-2: Ball
2-2: Foul Ball, location: 2F
2-2: SINGLE (Groundball, 56S) (infield hit)
Pitching: RHP Kirby Wilkerson
Batting: RHB Todd Noone 0-0: Ball
1-0: Foul Ball, location: 2F
1-1: Grounds into double play, U6-3 (Groundball, 6M)
Batting: RHB Ismael Ortíz 0-0: Ball
1-0: Ground out 4-3 (Groundball, 4)
Bottom of the 9th over - 0 run(s), 1 hit(s), 0 error(s), 0 left on base; Washington State 8 - Pittsburgh 3
Monday, December 5th, 2016 - OOTP Baseball 17.12 Build 75